 Dungeon Crawl Stone Soup version 0.30-a0-760-g5a9884bb7c (webtiles) character file.

Game seed: 8304212390495302641

48 xian the Chopper (level 3, 0/54 HPs)
             Began as a Naga Berserker on Feb 11, 2023.
             Was a Follower of Trog.
             Slain by a goblin
             ... wielding a +0 club
             ... led by Robin
              (5 damage)
             ... on level 2 of the Dungeon on Feb 12, 2023.
             The game lasted 00:03:36 (821 turns).

xian the Chopper (Naga Berserker)                    Turns: 821, Time: 00:03:37

Health: 0/54       AC:  2    Str: 21    XL:     3   Next: 72%
Magic:  3/3        EV:  9    Int:  7    God:    Trog [*.....]
Gold:   20         SH:  0    Dex: 10    Spells: 2/2 levels left

rFire   . . .      SeeInvis +    a - +0 hand axe
rCold   . . .      Faith    .    (no shield)
rNeg    . . .      Spirit   .    f - +0 leather armour
rPois   +          Reflect  .    (no helmet)
rElec   .          Harm     .    (no cloak)
rCorr   .          Rampage  .    (no gloves)
Will    .....                    (no barding) Stlth
                                 (no amulet)
HPRegen 0.29/turn                (no ring)
MPRegen 0.08/turn                (no ring)

@: berserking (expiring), quick
A: AC +1, large, see invisible, deformed body, poison resistance, slowness 2,
spit poison 1, naga tail 1
a: Spit Poison, Renounce Religion, Berserk


You were on level 2 of the Dungeon.
You worshipped Trog.
Trog was aware of your devotion.
You visited 1 branch of the dungeon, and saw 2 of its levels.

You collected 20 gold pieces.

Inventory:

Hand Weapons
 a - a +0 hand axe (weapon)
 j - a +0 sling of electrocution
Armour
 f - a +0 leather armour (worn)
Scrolls
 b - a scroll of poison {unknown}
 c - a scroll of teleportation {unknown}
 d - a scroll of fear {unknown}
 e - a scroll of noise {unknown}
 i - a scroll of identify {unknown}
Potions
 g - a potion of flight {unknown}
 h - a potion of magic {unknown}


   Skills:
 + Level 3.6 Fighting
 + Level 3.6 Axes
 + Level 0.2 Ranged Weapons
 + Level 1.8 Armour
 + Level 1.7 Dodging


You had 2 spell levels left.
You didn't know any spells.
Your spell library was empty.

Dungeon Overview and Level Annotations

Branches:
Dungeon (2/15)

Altars:

Annotations:
D:2 Robin


Innate Abilities, Weirdness & Mutations

Your serpentine skin is tough. (AC +1)
You have supernaturally acute eyesight. (SInv)
Armour fits poorly on your strangely shaped body.
Your system is resistant to poisons. (rPois)
You cover ground very slowly.
You can spit poison.
You have a snake-like lower body.


Message History

* * * LOW HITPOINT WARNING * * *
Robin throws the goblin at you!
* * * LOW HITPOINT WARNING * * *
The goblin hits you but does no damage.
Things that are here:
a +0 club; a +0 sling; a goblin corpse
Okay, then.
A red film seems to cover your vision as you go berserk!
You feel yourself moving faster!
You feel mighty! The goblin barely misses you.
The goblin hits you with a +0 club.
* * * LOW HITPOINT WARNING * * *
The hobgoblin barely misses you.
You barely miss the goblin. You hit the hobgoblin.
You kill the hobgoblin!
Trog accepts your kill.
You hit the goblin. The goblin hits you but does no damage.
The goblin hits you with a +0 club.
* * * LOW HITPOINT WARNING * * *
You slash the goblin!
You kill the goblin!
Trog accepts your kill.
You barely miss the goblin. You slash the hobgoblin!
You kill the hobgoblin!
Trog accepts your kill.
You slash the goblin!
You kill the goblin!
Trog accepts your kill.
You slice the endoplasm!!
You kill the endoplasm!
Trog accepts your kill.
You hit Robin.
Robin roars a battlecry!
The goblins go into a battle-frenzy!
You barely miss Robin.
Robin is moderately wounded.
Robin throws the goblin at you!
You slash Robin!
Robin is severely wounded.
You closely miss the goblin. The goblin hits you with a +0 club.
You die...

#.. ... #..... ##)#..###
.. .......#... #)#....#...
#.######.#)......#
#....(.....##.#..#
######.#g#........
#.#@)....## #########
#.#.g.#.###.# #.......#
#.###.......# ..#####.#
#.###...##### ...# #.#
#.......# .#.# #.#
#####...# ...# #.####
#...# #.#####..).# #...#
........##.#######...#####


You could see Robin and a goblin (strong).

Vanquished Creatures
  2 dart slugs (D:1)
  3 endoplasms
  10 goblins
  8 hobgoblins
  2 quokkas (D:1)
  3 ball pythons
  A bat (D:1)
  3 frilled lizards (D:1)
  4 kobolds
  A rat (D:1)
37 creatures vanquished.

Notes
Turn   | Place    | Note
-------+----------+-------------------------------------------
     0 | D:1      | xian the Naga Berserker began the quest for the Orb.
     0 | D:1      | Reached XP level 1. HP: 21/21 MP: 1/1
    51 | D:1      | Reached XP level 2. HP: 25/28 MP: 2/2
    71 | D:1      | Found a faded altar of an unknown god.
   450 | D:1      | Reached XP level 3. HP: 33/34 MP: 3/3
   804 | D:2      | Noticed Robin
   821 | D:2      | Slain by a goblin

Illustrated notes

Levels and vault maps discovered:
D:1:      tarquinn_simple_flora_water_f, layout_loops_ring,
          ebering_ecumenical_altar_webs, chequers_arboretum,
          corexii_leaking_fountain, minivault_25, minmay_misc_feat_x
D:2:      layout_loops_cross, uniq_robin

Action                     || total
---------------------------++-------
  Melee: Hand axe          ||    42
   Fire: Sling             ||     9
 Invoke: Berserk           ||     2
Ability: Spit Poison       ||    16
 Armour: Animal skin       ||     8
         Leather armour    ||     3
  Dodge: Dodged            ||    30

Table legend: (Time is in decaauts)
 A = Elapsed time spent in this place.
 B = Non-inter-level travel time spent in this place.
 C = Inter-level travel time spent in this place.
 D = Time resting spent in this place.
 E = Time spent auto-exploring this place.
 F = Levels seen in this place.
 G = Mean time per level.
                   A        B        C        D        E       F      G
               +--------+--------+--------+--------+--------+-----+--------+
         Total |   1109 |   1077 |     32 |      0 |    811 |   2 |  554.5 |
       Dungeon |   1109 |   1077 |     32 |      0 |    811 |   2 |  554.5 |
               +--------+--------+--------+--------+--------+-----+--------+

Top non-repeatable levels by time:
     D:1: 977 daAuts
     D:2: 132 daAuts
